Map: Dusk Towers

Players

TonyDanza

  • Race: Zerg Zerg
  • League: Gold

capac - Winner!

  • Race: Terran Terran
  • League: Gold

VOD

Have the link to the VOD?

Description

Time

  • Played on: May 4, 2016, 2:40 p.m.
  • Length: 22:34
Show
View Real Time Build Order
Export as new Build Order

TonyDanza Zerg 

Build Orders: Pool First 

Get SALT Encoding   

  12  0:01  Drone  
  13  0:08  Drone  
  14  0:20  Overlord  
  14  0:38  Drone  
  14  0:39  Drone x2  
  14  0:41  Extractor  
  17  0:50  Drone  
  17  1:00  Spawning Pool  
  17  1:01  Drone  
  17  1:11  Drone  
  18  1:23  Drone  
  19  1:33  Drone  
  19  1:37  Hatchery  
  19  1:50  Queen  
  19  1:52  Drone  
  22  2:06  Roach Warren  
  22  2:07  Zergling x2  
  22  2:13  Overlord  
  22  2:20  Overlord  
  21  2:46  Roach  
  21  2:47  Roach  
  25  3:03  Roach x4  
  25  3:04  Roach  
  35  3:07  Zergling x2  
  36  3:13  Roach  
  36  3:18  Metabolic Boost  
  38  3:22  Drone  
  38  3:25  Drone  
  40  3:38  Roach  
  40  3:39  Roach  
  44  3:53  Overlord x2  
  44  4:16  Drone  
  44  4:17  Drone x5  
  50  4:25  Spore Crawler  
  50  4:30  Pneumatized Carapace  
  49  4:33  Drone x2  
  51  4:42  Drone x3  
  54  4:49  Spine Crawler  
  53  4:58  Drone x2  
  55  5:02  Drone x2, Spore Crawler  
  56  5:14  Lair  
  56  5:24  Queen  
  56  5:25  Overlord  
  56  5:26  Overlord  
  56  5:28  Overlord  
  58  5:44  Hatchery  
  57  5:52  Drone x2  
  57  5:53  Drone  
  57  5:56  Extractor x2  
  62  5:57  Roach x4  
  66  6:08  Roach x3  
  72  6:22  Drone  
  72  6:23  Drone x4  
  77  6:30  Overseer  
  77  6:38  Spine Crawler  
  77  6:39  Spine Crawler  
  75  6:45  Spire, Drone x2  
  75  6:46  Drone x3  
  77  7:07  Spine Crawler  
  76  7:09  Queen  
  76  7:11  Overlord  
  78  7:39  Extractor  
  77  7:59  Mutalisk x5  
  77  8:00  Mutalisk  
  91  8:20  Roach x4  
  91  8:23  Drone  
  91  8:24  Overlord  
  91  8:25  Overlord x4  
  98  8:54  Drone x4  
  98  8:55  Drone  
  103  9:08  Mutalisk x3  
  109  9:20  Roach  
  109  9:21  Roach  
  109  9:22  Overlord x3  
  113  9:35  Roach x6  
  113  9:36  Roach x5  
  133  10:06  Baneling Nest  
  122  10:10  Mutalisk x3, Roach  
  130  10:36  Spore Crawler  
  130  10:39  Spine Crawler  
  130  10:40  Spine Crawler  
  127  10:47  Overlord x4  
  127  10:48  Overlord  
  127  11:01  Centrifical Hooks  
  127  11:05  Glial Reconstitution  
  127  11:11  Roach  
  127  11:12  Roach x6  
  127  11:13  Roach x7  
  127  11:14  Roach  
  157  11:19  Extractor, Drone x5  
  157  11:20  Extractor  
  151  11:31  Roach x7  
  124  12:01  Roach  
  124  12:02  Roach x5  
  124  12:19  Roach x3  
  112  12:31  Roach  
  112  12:32  Roach x5  
  112  12:34  Mutalisk  
  117  12:51  Spore Crawler  
  117  12:56  Mutalisk x4  
  124  13:06  Queen  
  124  13:08  Drone x7  
  129  13:25  Hatchery  
  108  13:30  Ravager  
  108  13:31  Ravager x2  
  111  13:42  Drone x4  
  111  13:43  Drone x6  
  121  13:57  Mutalisk x2  
  125  14:08  Spore Crawler  
  124  14:15  Mutalisk x3  
  130  14:22  Zergling x2  
  130  14:23  Zergling x18  
  130  14:24  Zergling x2  
  141  14:40  Queen  
  141  14:42  Queen  
  145  14:48  Baneling x4  
  145  14:49  Baneling x12  
  145  14:50  Baneling  
  145  14:53  Drone x2  
  147  15:03  Zergling x14  
  147  15:04  Overlord x3  
  154  15:07  Overseer  
  154  15:17  Zergling x6  
  157  15:27  Zergling x6  
  160  15:29  Baneling x4  
  160  15:30  Baneling x9  
  160  15:31  Baneling x6  
  160  15:38  Overlord  
  160  15:42  Drone  
  161  15:43  Extractor, Drone x3  
  161  15:44  Extractor  
  162  16:04  Mutalisk  
  162  16:05  Mutalisk x3  
  116  16:29  Zergling x6  
  116  16:30  Zergling x26  
  100  16:34  Roach  
  89  16:50  Baneling  
  89  16:51  Baneling x19  
  89  16:53  Roach x4  
  97  17:00  Zergling x10  
  96  17:24  Ravager  
  96  17:25  Ravager x4  
  101  17:34  Roach x6  
  109  17:47  Baneling x3  
  109  17:48  Baneling x3  
  106  18:01  Ravager x2  
  106  18:04  Ravager x2  
  110  18:11  Zergling x6  
  110  18:12  Zergling x10  
  98  18:28  Zergling x2  
  98  18:29  Overlord  
  98  18:31  Zergling x14  
  106  18:45  Baneling x9  
  106  18:46  Hatchery, Baneling x7  
  105  18:50  Zergling x2  
  67  19:24  Zergling x2  
  67  19:25  Zergling x22  
  74  19:36  Baneling x2  
  74  19:46  Baneling x5  
  74  19:47  Baneling x3  
  74  20:04  Baneling x3  
  74  20:05  Baneling x5  
  74  20:08  Overlord x2  
  73  20:29  Roach x6  
  73  20:30  Roach  
  73  20:32  Baneling x4  
  87  20:47  Roach x5  
  87  20:48  Roach x2  
  101  20:55  Ravager x4  
  99  21:13  Ravager  
  99  21:14  Ravager x2  
  99  21:22  Zergling x18  
  99  21:23  Zergling x4  
  103  21:25  Ravager  
  103  21:26  Ravager  
  102  21:44  Baneling x3  
  102  21:45  Baneling x2  
  97  21:56  Zergling x4  
  72  22:09  Zergling x24  
  72  22:14  Spine Crawler  
  74  22:16  Spine Crawler  
  74  22:17  Spine Crawler  
  74  22:20  Spine Crawler  
Show
View Real Time Build Order
Export as new Build Order

capac Terran - Winner!

Build Orders: Reaper Expand, MMM Bio 

Get SALT Encoding   

  12  0:00  SCV  
  13  0:12  SCV  
  14  0:18  Supply Depot  
  14  0:25  SCV  
  15  0:39  SCV  
  15  0:41  Barracks  
  16  0:45  Refinery  
  16  0:52  SCV  
  17  1:05  SCV  
  18  1:17  SCV  
  19  1:31  Reaper  
  20  1:33  Orbital Command  
  20  1:48  Command Center  
  20  2:05  Supply Depot  
  20  2:08  Marine  
  21  2:14  Factory  
  21  2:30  Barracks, SCV  
  21  2:45  SCV  
  21  2:50  Refinery  
  22  2:56  Barracks  
  22  3:05  Orbital Command  
  22  3:08  Factory Tech Lab  
  22  3:11  SCV  
  23  3:22  Marine  
  23  3:26  Barracks Reactor  
  24  3:30  Siege Tank  
  27  3:36  Bunker  
  27  3:38  SCV  
  27  3:42  Marine  
  28  3:52  Marine  
  28  4:15  Siege Tank  
  28  4:16  Barracks Tech Lab  
  31  4:19  Marine x2  
  31  4:20  Starport  
  31  4:23  SCV  
  34  4:26  SCV  
  35  4:36  SCV  
  35  4:38  SCV  
  37  4:40  Refinery  
  37  4:46  Marine x2  
  37  4:49  Barracks Reactor  
  37  4:51  Stimpack  
  40  5:07  Supply Depot, SCV x2  
  40  5:09  Marine x3  
  44  5:19  SCV x2  
  46  5:23  Supply Depot  
  46  5:28  Starport Reactor  
  46  5:29  Siege Tank  
  46  5:33  Marine  
  46  5:34  Marine x4  
  54  5:41  Supply Depot  
  54  5:45  SCV x2  
  56  5:57  Marine x2, SCV x2  
  56  5:58  Marine x2  
  56  6:02  Marine  
  56  6:03  Supply Depot  
  63  6:10  Medivac x2  
  67  6:25  Barracks  
  67  6:27  Supply Depot  
  67  6:28  Barracks  
  67  6:30  Marine x2  
  69  6:35  SCV x2  
  71  6:57  Supply Depot  
  71  6:58  Marine x4  
  71  6:59  Marine  
  76  7:03  SCV x2  
  78  7:09  Siege Tank  
  78  7:10  Combat Shields  
  81  7:19  Marine  
  81  7:20  Marine x3  
  81  7:21  Marine, Command Center  
  86  7:24  SCV  
  86  7:26  SCV  
  86  7:29  Supply Depot  
  80  8:03  Marine x4  
  80  8:04  Medivac x2  
  76  8:06  SCV x2  
  76  8:09  Refinery  
  76  8:10  Marine  
  79  8:14  Barracks Tech Lab, Barracks Reactor  
  79  8:24  SCV x2  
  79  8:26  Marine x2  
  82  8:27  Starport, Marine x2  
  82  8:28  Marine  
  86  8:38  Engineering Bay  
  86  8:40  Medivac  
  86  8:41  Medivac  
  90  8:42  Engineering Bay, Orbital Command  
  90  8:43  SCV  
  90  8:44  SCV  
  92  8:50  Supply Depot  
  92  8:53  Marine x3  
  94  9:06  Missile Turret  
  94  9:08  Missile Turret  
  91  9:10  Missile Turret  
  91  9:31  Marine  
  91  9:32  Marine x5  
  91  9:34  Marauder x2  
  91  9:36  Medivac x2  
  91  9:38  Starport Reactor  
  105  9:59  Liberator x2  
  105  10:03  Missile Turret  
  104  10:07  Orbital Command, Missile Turret  
  104  10:15  Medivac x2  
  104  10:18  Supply Depot  
  114  10:22  Terran Infantry Weapons Level 1  
  114  10:23  Terran Infantry Armor Level 1  
  114  10:26  Armory  
  114  10:33  Missile Turret  
  114  10:39  SCV x3  
  117  10:54  Marine x5  
  117  10:55  Marine  
  123  11:03  Marine x2  
  125  11:05  SCV x3  
  125  11:08  Missile Turret  
  128  11:11  Marine  
  128  11:12  Marine x4  
  128  11:14  Concussive Shells  
  128  11:17  Liberator  
  133  11:18  Marine  
  123  11:29  Marine  
  123  11:30  Marine x6  
  130  11:37  Liberator  
  130  11:39  Liberator  
  133  11:44  SCV  
  133  11:45  Marine  
  133  11:50  SCV  
  133  11:51  SCV  
  133  11:52  Marauder  
  132  11:55  Marauder  
  110  12:18  Command Center  
  110  12:19  Marine x8  
  114  12:37  Marine x5  
  118  12:47  Marine  
  118  12:48  Marine  
  118  12:50  Marine  
  117  12:54  Marine  
  117  12:56  Terran Infantry Weapons Level 2, Terran Infantry Armor Level 2  
  118  13:02  Supply Depot x2  
  118  13:23  Marine x7  
  124  13:30  Marine  
  124  13:33  Orbital Command  
  125  13:41  Marine x3  
  125  13:46  SCV x2  
  130  13:52  Marine, Siege Tank  
  130  13:53  Marine x4  
  138  13:57  Command Center  
  138  13:59  Supply Depot, Marine x3  
  141  14:10  Marine  
  141  14:11  Liberator x2  
  141  14:12  Refinery  
  142  14:18  Refinery  
  142  14:20  Marine  
  142  14:21  Marine x6  
  149  14:28  Marine  
  156  14:38  Marine  
  157  14:51  Liberator  
  157  15:08  Marine x6, SCV x3  
  157  15:09  Marauder  
  157  15:14  Supply Depot  
  171  15:18  Liberator  
  171  15:20  SCV  
  178  15:35  SCV  
  178  15:36  Marauder  
  178  15:45  Terran Infantry Weapons Level 3  
  178  15:46  Terran Infantry Armor Level 3  
  178  15:47  Terran Ship Weapons Level 1  
  178  16:04  Marine x2  
  178  16:07  Supply Depot  
  180  16:11  Supply Depot  
  180  16:13  Marine x3  
  180  16:16  Planetary Fortress  
  125  16:34  Marine  
  125  16:35  Marine x7  
  133  16:52  Marine  
  133  16:53  Marine x7  
  141  17:02  Missile Turret  
  141  17:10  Marine x2  
  137  17:35  Marine x7  
  137  17:36  Marine  
  143  17:53  Marine x8  
  148  18:10  Marine  
  148  18:11  Marine x7, Liberator x2  
  148  18:12  Liberator x2  
  127  18:28  Marine  
  127  18:29  Marine x7  
  147  18:46  Marine  
  147  18:47  Marine x7  
  155  18:54  Liberator x3  
  155  19:04  Marine x5  
  155  19:05  Marine x3  
  134  19:22  Marine  
  124  19:32  Marine  
  124  19:33  Marine x6  
  131  19:40  Marine  
  131  19:42  Refinery x2  
  132  19:46  Building Armor  
  132  19:50  Marine x5  
  132  19:51  Marine x2  
  139  19:58  Marine  
  140  20:00  Medivac  
  140  20:01  Medivac x2  
  146  20:08  Marine x7  
  153  20:16  Marine  
  154  20:26  Marine x3  
  157  20:33  Marine  
  157  20:34  Marine x4  
  162  20:43  Marine  
  162  20:44  Marine x2, Medivac x4  
  173  20:51  Marine  
  173  20:52  Marine  
  175  21:05  Marine x6  
  175  21:09  Marine x2  
  164  21:23  Marine x3  
  153  21:27  Marine x4  
  154  22:11  Marine x4  
Tags
 
Add a new tag
Caveats
  • Supply blocks, unpowered buildings, or Contaminate may cause inaccurate times.
  • Supply counts are checked every 10 seconds.